 Dungeon Crawl Stone Soup version 0.22-a0-322-g60b3cfd (webtiles) character file.

7485 RoseArtemis the Cleaver (level 10, -1/93 HPs)
             Began as a Minotaur Fighter on Apr 5, 2018.
             Was an Elder of Okawaru.
             Succumbed to an orc warrior's poison
             ... on level 10 of the Dungeon.
             The game lasted 00:23:10 (9860 turns).

RoseArtemis the Cleaver (Minotaur Fighter)          Turns: 9860, Time: 00:23:11

Health: -1/93      AC: 19    Str: 22    XL:     10   Next: 94%
Magic:  9/9        EV:  8    Int:  6    God:    Okawaru [****..]
Gold:   439        SH:  9    Dex: 11    Spells: 9/9 levels left

rFire    . . .     SeeInvis .   a - +0 broad axe
rCold    . . .     Gourm    +   c - +0 shield
rNeg     . . .     Faith    .   I - +0 plate armour
rPois    .         Spirit   .   n - +2 hat
rElec    .         Reflect  .   (no cloak)
rCorr    .         Harm     .   A - +0 pair of gloves
MR       .....                  (no boots)
Stlth    ..........             s - amulet of the gourmand
HPRegen  0.25/turn              u - ring of stealth
MPRegen  0.11/turn              v - +2 ring of protection

@: lethally poisoned (-1 -> -21)
A: retaliatory headbutt, horns 2
a: Heroism, Renounce Religion


You were on level 10 of the Dungeon.
You worshipped Okawaru.
Okawaru was greatly pleased with you.
You were very full.

You visited 2 branches of the dungeon, and saw 11 of its levels.

You collected 439 gold pieces.

Inventory:

Hand Weapons
 a - a +0 broad axe (weapon)
 b - a +2 hand axe of venom
Missiles
 H - a throwing net (quivered)
Armour
 c - a +0 shield (worn)
 n - a +2 hat (worn)
 A - a +0 pair of gloves (worn)
 I - a +0 plate armour (worn)
Jewellery
 s - an amulet of the gourmand (around neck)
 u - a ring of stealth (left hand)
 v - a +2 ring of protection (right hand)
Wands
 g - a wand of scattershot (9)
 r - a wand of flame (15)
 D - a wand of acid (7)
 E - a wand of paralysis (4)
Scrolls
 i - 5 scrolls of remove curse
 j - 7 scrolls of teleportation
 k - 3 scrolls of fog
 o - 2 scrolls of enchant weapon
 w - a scroll of fear
 y - a scroll of brand weapon {unknown}
 z - a scroll of holy word {unknown}
 B - a scroll of random uselessness {unknown}
Potions
 d - 2 potions of might
 e - 2 potions of mutation
 h - 2 potions of heal wounds
 l - 2 potions of lignification
 m - a potion of invisibility
 p - 2 potions of brilliance
 q - 6 potions of curing
 t - 2 potions of agility
 x - a potion of ambrosia
 C - a potion of haste
 F - a potion of flight
 G - a potion of magic {unknown}
 K - a potion of cancellation {unknown}
Comestibles
 f - 21 rations


   Skills:
 + Level 9.8 Fighting
 * Level 12.6 Axes
 + Level 9.7 Armour
 + Level 8.2 Dodging
 - Level 3.6 Shields


You had 9 spell levels left.
You didn't know any spells.

Dungeon Overview and Level Annotations

Branches:
Dungeon (10/15)            Temple (1/1) D:5            Lair (0/6) D:8
    Orc: D:9-12

Altars:
Ashenzari
Cheibriados
Dithmenos
Elyvilon
Fedhas
Gozag
Hepliaklqana
Kikubaaqudgha
Makhleb
Nemelex Xobeh
Okawaru
Qazlal
Ru
Sif Muna
Trog
Uskayaw
Vehumet
Wu Jian
Xom
Yredelemnul
Zin
The Shining One

Shops:
D:6 *


Innate Abilities, Weirdness & Mutations

You reflexively headbutt those who attack you in melee.
You have a pair of horns on your head.


Message History

You miss the electric eel.
The electric eel is heavily wounded.
You feel sick.
The orc warrior hits you but does no damage.
You are more poisoned.
The electric eel shoots out a bolt of lightning at you!
The bolt of electricity hits you!
* * * LOW HITPOINT WARNING * * *
You miss the electric eel.
You headbutt the electric eel, but do no damage.
The electric eel is heavily wounded.
* * * LOW HITPOINT WARNING * * *
You feel sick.
The orc warrior hits you from afar with a trident of venom.
* * * LOW HITPOINT WARNING * * *
You are more poisoned.
Your shield and plate armour prevent you from hitting the electric eel.
You headbutt the electric eel.
The electric eel is severely wounded.
You die...

≈≈.........# #≈≈.....<...#
#≈≈.........# #≈≈.....)...#
#≈≈.........#
#################≈≈.........#
≈≈≈≈≈≈≈≈≈≈≈≈≈≈≈≈≈≈≈..########
≈≈≈≈≈≈≈≈≈≈≈≈≈≈≈;≈≈≈..#
.............oo.@.).#
.........############
##########


You could see an orc warrior, an electric eel and an orc.

Vanquished Creatures
  2 two-headed ogres
  Joseph (D:7)
  A kobold demonologist (D:9)
  Eustachio (D:7)
  A yak (D:8)
  A human (D:8)
  3 hogs (D:8)
  Grum (D:9)
  A water moccasin (D:5)
  3 sky beasts
  3 ice beasts
  4 orc warriors
  A black bear (D:7)
  A phantom (D:9)
  2 ogres
  2 centaurs
  4 wolves (D:9)
  3 big kobolds
  2 bullfrogs
  A scorpion (D:5)
  13 killer bees
  3 howler monkeys
  A vampire bat (D:8)
  3 crimson imps
  2 bullfrog zombies
  2 jellies
  11 orc priests
  3 bullfrog skeletons
  2 centaur skeletons
  2 hounds
  5 orc wizards
  2 iguanas
  5 worker ants
  3 hound zombies
  4 worker ant zombies (D:7)
  9 adders
  2 oozes
  3 adder skeletons
  3 worms
  A dart slug (D:2)
  7 leopard geckos
  23 orcs
  2 ball pythons (D:2)
  2 bat skeletons (D:8)
  3 bat zombies (D:8)
  9 giant cockroaches
  13 goblins
  7 hobgoblins
  13 jackals
  25 kobolds
  2 quokkas
  12 bats
  7 frilled lizards
  A leopard gecko zombie (D:7)
  2 quokka skeletons
  A quokka zombie (D:6)
  13 rats
259 creatures vanquished.

Vanquished Creatures (others)
  An unseen horror (D:10)
  An orc (D:10)
2 creatures vanquished.

Grand Total: 261 creatures vanquished

Notes
Turn   | Place    | Note
-------+----------+-------------------------------------------
     0 | D:1      | RoseArtemis the Minotaur Fighter began the quest for the Orb.
     0 | D:1      | Reached XP level 1. HP: 19/19 MP: 0/0
   240 | D:1      | Reached XP level 2. HP: 27/27 MP: 1/1
   368 | D:1      | Reached skill level 3 in Axes
   483 | D:1      | Reached skill level 1 in Dodging
   565 | D:1      | Reached XP level 3. HP: 33/33 MP: 2/2
   963 | D:2      | Found a shimmering altar of Xom.
  1292 | D:2      | Reached XP level 4. HP: 39/40 MP: 3/3
  1429 | D:3      | Noticed an ogre
  1434 | D:3      | Killed an ogre
  1434 | D:3      | Reached skill level 4 in Axes
  1434 | D:3      | Reached XP level 5. HP: 47/47 MP: 4/4
  1858 | D:3      | Reached skill level 5 in Axes
  2027 | D:3      | Found a hide-covered altar of Uskayaw.
  2027 | D:3      | Found a radiant altar of Vehumet.
  2313 | D:4      | Noticed Eustachio
  2481 | D:4      | Reached XP level 6. HP: 51/55 MP: 5/5
  2532 | D:4      | Reached skill level 5 in Fighting
  2532 | D:4      | Reached skill level 5 in Armour
  3074 | D:4      | Reached skill level 6 in Axes
  3276 | D:5      | Entered Level 5 of the Dungeon
  3296 | D:5      | Noticed a sky beast
  3299 | D:5      | Noticed a water moccasin
  3306 | D:5      | Killed a water moccasin
  3306 | D:5      | Reached XP level 7. HP: 49/61 MP: 6/6
  3532 | D:5      | Reached skill level 7 in Axes
  3907 | D:5      | Reached XP level 8. HP: 70/70 MP: 7/7
  3914 | D:5      | Found a bloodstained altar of Trog.
  4023 | D:5      | Found a staircase to the Ecumenical Temple.
  4029 | Temple   | Entered the Ecumenical Temple
  4105 | Temple   | Became a worshipper of Warmaster Okawaru
  4361 | D:5      | Found a shattered altar of Ashenzari.
  4739 | D:6      | Reached skill level 8 in Axes
  4823 | D:6      | Found Usoerch's General Store.
  5235 | D:7      | Reached skill level 5 in Dodging
  5329 | D:7      | Killed Eustachio
  5413 | D:7      | Reached * piety under Okawaru
  5413 | D:7      | Reached skill level 9 in Axes
  5617 | D:7      | Reached XP level 9. HP: 50/79 MP: 8/8
  5786 | D:7      | Found a stormy altar of Qazlal.
  6111 | D:7      | Noticed Joseph
  6122 | D:7      | Paralysed by Joseph for 7 turns
  6134 | D:7      | Killed Joseph
  6562 | D:8      | Reached skill level 10 in Axes
  6723 | D:8      | Noticed a two-headed ogre
  6739 | D:8      | Killed a two-headed ogre
  6739 | D:8      | Reached ** piety under Okawaru
  7187 | D:8      | Found an opulent altar of Gozag.
  7380 | D:8      | HP: 4/82 [orc warrior/flail (4)]
  7384 | D:8      | Reached skill level 11 in Axes
  7734 | D:8      | Reached XP level 10. HP: 90/90 MP: 9/9
  7744 | D:8      | Found an ancient bone altar of Kikubaaqudgha.
  7872 | D:8      | Found a staircase to the Lair.
  8134 | D:8      | Found a glowing silver altar of Zin.
  8418 | D:9      | Noticed Grum
  8431 | D:9      | Reached *** piety under Okawaru
  8442 | D:9      | Killed Grum
  8822 | D:9      | Noticed a two-headed ogre
  8831 | D:9      | Killed a two-headed ogre
  8831 | D:9      | Reached skill level 12 in Axes
  8879 | D:9      | Noticed an orange demon
  8895 | D:9      | Reached **** piety under Okawaru
  9456 | D:10     | Entered Level 10 of the Dungeon
  9850 | D:10     | Killed an unseen horror
  9859 | D:10     | HP: 1/93 [orc warrior/trident of venom (4)]
  9860 | D:10     | Succumbed to an orc warrior's poison

Vault maps used:
D:1:      dpeg_arrival_shrine, minmay_surrounded
D:2:      old_standard_altar
D:3:      amethyst_overflow_temple_binary
D:4:      first_ration, uniq_eustachio
D:5:      ashenzari_altar_1, minmay_temple_entry_crystal_x,
          minmay_strange_pillars, bloody_trog
D:6:      serial_shops, nicolae_shop_behind_doors, serial_bayou_pond_a
D:7:      lemuel_statue_altar, uniq_joseph
D:8:      zin_scriptorium, grunt_gozag_breadcrumbs, kennysheep_vampire_church,
          grunt_livestock
D:9:      uniq_grum
D:10:     minmay_coctagon, erik_orc_2, minivault_22
Temple:   regret_index_temple_waves

Skill      XL: |  1  2  3  4  5  6  7  8  9 10 |
---------------+-------------------------------+-----
Axes           | 3 4 5 6 7 9 11 12 | 12.6
Dodging        | 1 2 3 4 5 6 8 |  8.2
Fighting       | 4 5 6 7 8 9 |  9.8
Armour         | 4 5 6 7 8 9 |  9.7
Shields        | |  3.6

Action                   |  1- 3 |  4- 6 |  7- 9 | 10-12 || total
-------------------------+-------+-------+-------+-------++-------
Melee: War axe           |   103 |   159 |     9 |       ||   271
       Headbutt          |     8 |    26 |    64 |    37 ||   135
       Hand axe          |       |       |    95 |       ||    95
       Broad axe         |       |       |   184 |   178 ||   362
Invok: Heroism           |       |       |       |     3 ||     3
Evoke: Wand              |       |     3 |       |       ||     3
  Use: Scroll            |     2 |     7 |     8 |     4 ||    21
       Potion            |       |     1 |     1 |     2 ||     4
  Eat: Chunk             |     1 |    25 |    14 |     5 ||    45
Armor: Scale mail        |    57 |    59 |   108 |       ||   224
       Plate armour      |       |       |     2 |   147 ||   149
Dodge: Dodged            |    49 |    41 |   120 |    72 ||   282
Block: Shield            |    63 |    71 |   128 |   126 ||   388

Table legend:
 A = Spawn XP
 B = Non-spawn XP
 C = Spawn XP percentage of total XP
 D = Spawn monster count
 E = Non-spawn monster count
 F = Spawn count percentage of total count
 G = Total turns spent on level
                    A         B        C        D         E        F      G
               +---------+---------+-------+---------+---------+-------+---------
         Total |       0 |   10694 |   0.0 |       0 |     260 |   0.0 |  9860
               +---------+---------+-------+---------+---------+-------+---------
           D:1 |       0 |      53 |   0.0 |       0 |      32 |   0.0 |   887
           D:2 |       0 |      45 |   0.0 |       0 |      20 |   0.0 |   531
           D:3 |       0 |     236 |   0.0 |       0 |      30 |   0.0 |   895
           D:4 |       0 |     394 |   0.0 |       0 |      28 |   0.0 |   980
           D:5 |       0 |     876 |   0.0 |       0 |      15 |   0.0 |   984
           D:6 |       0 |     259 |   0.0 |       0 |      19 |   0.0 |   709
           D:7 |       0 |    1726 |   0.0 |       0 |      32 |   0.0 |  1557
           D:8 |       0 |    3001 |   0.0 |       0 |      35 |   0.0 |  1615
           D:9 |       0 |    2876 |   0.0 |       0 |      33 |   0.0 |  1404
          D:10 |       0 |    1228 |   0.0 |       0 |      16 |   0.0 |   148
               +---------+---------+-------+---------+---------+-------+---------
